AoeStats
← mm787

Arena

510428205Analyzed
4v4 RM · 2d ago on Oct 1, 2026· 54m 3s· 8 players
Game mode
Random Map
Map size
Large (8 player)
Population
200
Speed
Normal
Resources
Standard
Victory
Conquest
Starting age
Dark Age
Ending age
Imperial Age
RankedLock teamsTeams togetherTeam positionsShared explorationLock speedFull tech treeHidden civsTurbo modeCheats
Victory
Defeat
🇺🇸 Teutons · United States
915
+12
🇺🇸 Turks · United States
812
+16
🇺🇸 Khmer · United States
784
+17
🇺🇸 Bohemians · United States
760
+17
🇨🇳 Teutons · China
822
-16
🇲🇽 Inca · Mexico
810
-16
🇨🇳 Vietnamese · China
807
-16
🇨🇳 Franks · China
782
-14
KcoasRaulMx
0:51 Loom
11:31 Feudal Age
12:29 Double-Bit Axe
12:25 Horse Collar
17:10 Gold Mining
21:05 Castle Age
19:13 Fletching
19:25 Padded Archer Armor
19:43 Stone Mining
22:21 Bow Saw
23:00 Heavy Plow
23:04 Caravan
23:26 Treadmill Crane
25:18 Stone Shaft Mining
26:43 Gold Shaft Mining
26:43 Forging
26:35 Scale Mail Armor
26:45 Squires
27:57 Wheelbarrow
28:37 Town Watch
30:15 Hand Cart
30:21 Leather Archer Armor
30:29 Ballistics
34:44 Imperial Age
33:06 Bodkin Arrow
33:31 Andean Sling
34:29 Thumb Ring
34:28 Pikeman
36:38 Chemistry
35:42 Bracer
37:25 Conscription
37:08 Fabric Shields
37:49 Chain Mail Armor
37:51 Elite Skirmisher
38:41 Halberdier
41:32 Imperial Skirmisher
41:47 Champi Runner
42:50 Elite Kamayuk
45:17 Plate Mail Armor
44:19 Capped Ram
45:24 Siege Ram
47:49 Iron Casting
fighter7928
11:12 Feudal Age
16:35 Castle Age
15:19 Double-Bit Axe
18:00 Stone Mining
21:02 Horse Collar
22:09 Bow Saw
22:31 Heavy Plow
24:23 Bloodlines
24:04 Pikeman
25:34 Wheelbarrow
26:06 Squires
27:27 Hand Cart
30:56 Gold Mining
35:50 Imperial Age
36:19 Cavalier
37:51 Crop Rotation
37:55 Scale Barding Armor
38:02 Forging
39:21 Two-Man Saw
39:01 Paladin
41:39 Chain Barding Armor
41:55 Iron Casting
43:52 Chemistry
43:13 Ballistics
45:29 Plate Barding Armor
45:54 Blast Furnace
51:06 Caravan
50:47 Halberdier
chentao_1209
0:57 Loom
10:56 Feudal Age
14:55 Castle Age
17:01 Double-Bit Axe
18:15 Wheelbarrow
17:25 Horse Collar
23:12 Bow Saw
23:06 Heavy Plow
22:50 Elite Skirmisher
25:51 Hand Cart
31:15 Imperial Age
30:11 Ballistics
29:56 Gold Mining
30:27 Thumb Ring
30:54 Fletching
31:05 Padded Archer Armor
31:32 Imperial Skirmisher
33:17 Chemistry
32:29 Elite Fire Lancer
33:37 Bodkin Arrow
35:42 Scale Mail Armor
35:42 Bracer
35:58 Leather Archer Armor
37:17 Two-Man Saw
38:37 Chain Mail Armor
41:24 Leather Archer Armor
42:42 Ring Archer Armor
43:46 Plate Mail Armor
53:11 Crop Rotation
715113342
0:40 Loom
12:07 Feudal Age
18:01 Castle Age
25:06 Double-Bit Axe
29:29 Imperial Age
28:42 Pikeman
29:24 Squires
32:29 Chemistry
31:52 Ballistics
37:46 Stone Mining
37:46 Gold Mining
38:11 Bow Saw
37:34 Halberdier
38:22 Husbandry
39:33 Wheelbarrow
41:33 Gold Shaft Mining
40:52 Elite Throwing Axeman
41:54 Scale Barding Armor
41:50 Scale Mail Armor
42:01 Forging
41:42 Fletching
41:53 Padded Archer Armor
42:34 Hand Cart
41:53 Cavalier
43:08 Chain Barding Armor
50:23 Paladin
Governator01
10:04 Feudal Age
10:32 Double-Bit Axe
12:06 Wheelbarrow
16:02 Forging
15:57 Scale Barding Armor
15:27 Man-at-Arms
18:53 Castle Age
18:24 Forging
18:21 Scale Barding Armor
20:15 Bow Saw
20:21 Loom
20:52 Hand Cart
26:56 Fletching
30:55 Imperial Age
29:05 Horse Collar
29:30 Pikeman
30:18 Gold Mining
30:43 Squires
33:30 Chain Barding Armor
33:46 Iron Casting
33:48 Bodkin Arrow
34:16 Ballistics
36:58 Blast Furnace
36:35 Plate Barding Armor
37:10 Crenellations
37:32 Conscription
37:31 Cavalier
40:26 Hoardings
40:12 Conscription
40:29 Bloodlines
40:40 Scale Mail Armor
42:54 Chemistry
42:00 Siege Engineers
42:59 Fortified Wall
43:29 Chain Mail Armor
43:57 Arson
43:58 Gambesons
45:44 Paladin
47:41 Ironclad
49:23 Masonry
51:24 Halberdier
53:57 Elite Teutonic Knight
mm787
11:57 Feudal Age
13:49 Double-Bit Axe
17:08 Castle Age
15:08 Horse Collar
16:45 Wheelbarrow
18:08 Bow Saw
23:16 Gold Mining
23:41 Heavy Plow
26:55 Imperial Age
25:33 Fletching
26:34 Ballistics
27:42 Bloodlines
28:00 Thumb Ring
29:23 Husbandry
34:03 Hand Cart
33:33 Loom
33:34 Town Watch
36:46 Caravan
36:32 Heavy Camel Rider
38:21 Bombard Tower
41:56 Murder Holes
42:12 Masonry
42:21 Stone Mining
44:55 Artillery
45:31 Hoardings
46:00 Scale Barding Armor
45:50 Bodkin Arrow
45:56 Padded Archer Armor
49:41 Chain Barding Armor
49:21 Bracer
52:58 Two-Man Saw
pjc013
11:38 Feudal Age
12:16 Feudal Age
11:53 Loom
13:02 Loom
13:45 Double-Bit Axe
17:37 Castle Age
26:24 Chemistry
25:55 Bow Saw
26:49 Pikeman
31:28 Imperial Age
30:14 Wheelbarrow
30:03 Horse Collar
31:44 Hand Cart
35:08 Siege Engineers
37:55 Halberdier
38:36 Squires
38:21 Arson
38:55 Houfnice
39:54 Caravan
41:38 Wagenburg Tactics
41:42 Hussite Reforms
46:25 Forging
46:16 Scale Mail Armor
46:21 Scale Barding Armor
deadpandessert
11:42 Feudal Age
15:53 Double-Bit Axe
21:00 Castle Age
26:03 Bloodlines
27:09 Pikeman
32:58 Bow Saw
32:49 Man-at-Arms
40:45 Imperial Age
39:40 Fletching
40:19 Long Swordsman
44:05 Two-Handed Swordsman
46:10 Caravan
47:34 Halberdier
50:17 Bodkin Arrow
50:23 Padded Archer Armor
52:59 Elite Ballista Elephant
Connection lost

Rejoining the realm…

Still unreachable

The connection could not be restored.

Session expired

The server has moved on; the page needs a fresh start.